 Dungeon Sprint DCSS version 0.21.1-1-g345015f (webtiles) character file.

1274 sanboga the Cleaver (level 8, -14/88 HPs)
             Began as a Gargoyle Berserker on Apr 11, 2018.
             Was an Elder of Trog.
             Demolished by an ice devil (23 damage)
             ... summoned by an obsidian statue
             ... in the Dungeon (Sprint II: "The Violet Keep of Menkaure").
             The game lasted 00:04:48 (479 turns).

sanboga the Cleaver (Gargoyle Berserker)             Turns: 479, Time: 00:04:48

Health: -14/88     AC: 20    Str: 29    XL:     8   Next: 53%
Magic:  8/8        EV:  8    Int:  9    God:    Trog [****..]
Gold:   0          SH:  0    Dex:  7    Spells: 7/7 levels left

rFire    . . .     SeeInvis .   b - +2 battleaxe (chop)
rCold    . . .     Gourm    .   (shield currently unavailable)
rNeg     + . .     Faith    .   j - +0 plate armour (curse)
rPois    ∞         Spirit   .   (no helmet)
rElec    +         Reflect  .   (no cloak)
rCorr    .         Harm     .   (no gloves)
MR       .....     NoTele   +   (no boots)
Stlth    ..........             (no amulet)
HPRegen  0.24/turn              (no ring)
MPRegen  0.11/turn              (no ring)

@: berserking, very quick
A: clever 1, clumsy 1, deterioration 1, negative energy resistance 1, screaming
1, electricity resistance, unbreathing, petrification resistance, rot immunity,
AC +5
a: Berserk, Trog's Hand, Brothers in Arms, Burn Spellbooks, Renounce Religion


You were in the Dungeon.
You worshipped Trog.
Trog was greatly pleased with you.
You were not hungry.

You visited 1 branch You collected 729 gold pieces.
You spent 729 gold pieces at shops.

Inventory:

Hand Weapons
 b - a +2 battleaxe of chopping (weapon)
Armour
 j - a cursed +0 plate armour (worn)
Scrolls
 i - 2 scrolls of blinking
Potions
 d - a potion of curing
 e - a potion of heal wounds
 f - a potion of haste
 g - 2 potions of magic
 h - a potion of berserk rage


   Skills:
 + Level 10.6 Fighting
 * Level 12.0 Axes
 + Level 10.3 Armour
 - Level 1.5 Dodging


You had 7 spell levels left.
You didn't know any spells.

Dungeon Overview and Level Annotations

Branches:
Dungeon (1/1)

Altars:

Shops:
D :(:![=?![%(![=}?

Annotations:
D exclusions: obsidian statue and oklob plant


Innate Abilities, Weirdness & Mutations

You are resistant to torment.
Your stone body is resilient. (AC +5)
You are immune to poison.
You resist negative energy. (rN+)
You are resistant to electric shocks. (rElec)
You can survive without breathing.
You are immune to petrification.
You are immune to rotting.
Your mind is acute. (Int +2)
You are clumsy. (Dex -2)
Your body sometimes deteriorates upon taking damage.
You occasionally shout uncontrollably at your foes.


Message History

You slash the quasit! You closely miss the sun demon.
The sun demon closely misses you.
The quasit bites you but does no damage.
The quasit claws you.
* * * LOW HITPOINT WARNING * * *
The quasit claws you but does no damage.
You slice the obsidian statue!!
The obsidian statue is heavily damaged.
You slash the quasit!
You kill the quasit!
You slash the sun demon!
The obsidian statue slips into the dungeon's darkness for a moment.
The sun demon hits you but does no damage.
You slash the obsidian statue!
The obsidian statue is severely damaged.
You closely miss the sun demon. You slash the ice devil!
The sun demon completely misses you. The ice devil hits you!
* * * LOW HITPOINT WARNING * * *
The ice devil freezes you!!
You die...

▓▓▓▓▓▓###≈##.###(##
.##..
?(G######≈≈####...##
#§≈§ )$H#G
##≈≈≈#..##.#≈≈≈≈§
∩P?+
#'#≈####.##≈≈≈§§ :..
#.#≈≈##+##≈≈≈§≈§ (.$
####≈≈≈≈≈§§§§≈≈§ #+
#+++#''§#≈≈§
##§§§§...##
#§§§3@4§§.#
+.§§§.8§§§..+
##§§§§§§§§.##
##§§§...§##
####+####


You could see an obsidian statue, a sun demon and an ice devil.

Vanquished Creatures
  A blink frog (D)
  4 neqoxecs (D)
  Menkaure (D)
  4 necrophages (D)
  4 worker ants (D)
14 creatures vanquished.

Vanquished Creatures (others)
  A crocodile (D)
1 creature vanquished.

Grand Total: 15 creatures vanquished

Notes
Turn   | Place    | Note
-------+----------+-------------------------------------------
     0 | D        | sanboga the Gargoyle Berserker began the quest for the Orb.
     0 | D        | Reached XP level 1. HP: 14/14 MP: 1/1
     1 | D        | Noticed a necrophage
     1 | D        | Noticed a necrophage
     1 | D        | Noticed a necrophage
     1 | D        | Noticed a necrophage
     6 | D        | Killed a necrophage
     6 | D        | Reached skill level 5 in Fighting
     6 | D        | Reached skill level 6 in Axes
     6 | D        | Reached skill level 5 in Armour
     6 | D        | Reached XP level 2. HP: 22/22 MP: 2/2
     6 | D        | Reached XP level 3. HP: 27/27 MP: 3/3
     6 | D        | Reached XP level 4. HP: 32/32 MP: 4/4
     9 | D        | Killed a necrophage
     9 | D        | Reached skill level 7 in Axes
     9 | D        | Reached XP level 5. HP: 37/37 MP: 5/5
    19 | D        | Killed a necrophage
    19 | D        | Reached ** piety under Trog
    19 | D        | Reached skill level 8 in Axes
    19 | D        | Reached XP level 6. HP: 44/44 MP: 6/6
    26 | D        | Killed a necrophage
    26 | D        | Reached skill level 9 in Axes
   136 | D        | Reached *** piety under Trog
   138 | D        | Reached XP level 7. HP: 41/50 MP: 7/7
   194 | D        | Noticed a neqoxec
   194 | D        | Noticed a neqoxec
   194 | D        | Noticed a neqoxec
   194 | D        | Noticed a neqoxec
   198 | D        | Gained mutation: Your body sometimes deteriorates upon taking damage. [a neqoxec]
   199 | D        | Gained mutation: You are clumsy. (Dex -2) [a neqoxec]
   204 | D        | Killed a neqoxec
   204 | D        | Reached skill level 10 in Axes
   210 | D        | Killed a neqoxec
   210 | D        | Gained mutation: Your mind is acute. (Int +2) [a neqoxec]
   214 | D        | Killed a neqoxec
   214 | D        | Reached **** piety under Trog
   214 | D        | Reached skill level 11 in Axes
   216 | D        | Gained mutation: You occasionally shout uncontrollably at your foes. [a neqoxec]
   221 | D        | Killed a neqoxec
   221 | D        | Received a gift from Trog
   221 | D        | Reached skill level 10 in Fighting
   221 | D        | Reached XP level 8. HP: 38/57 MP: 8/8
   299 | D        | Noticed an obsidian statue
   320 | D        | Noticed a tyrant leech
   320 | D        | Noticed a tyrant leech
   329 | D        | Found Desoatoj's Antique Armour Boutique.
   329 | D        | Found Puagg's Distillery.
   329 | D        | Found Othrunwur's Antique Weapon Shop.
   329 | D        | Found Mabeiwu's Jewellery Shop.
   329 | D        | Found Ehotyle's Magic Scroll Boutique.
   330 | D        | Found Utsoig's Magic Scroll Shop.
   330 | D        | Found Laxzeth's Antique Armour Boutique.
   330 | D        | Found Hidoobb's Distillery.
   330 | D        | Found Wik Zyty's Jewellery Boutique.
   330 | D        | Found Doto's Antique Armour Shop.
   330 | D        | Found Mirchut's Distillery.
   331 | D        | Found Ubougo's Book Shop.
   331 | D        | Found Riah's Weapon Boutique.
   332 | D        | Found Posujum's Gadget Boutique.
   332 | D        | Found Etsual's Food Shop.
   332 | D        | Noticed a great orb of eyes
   333 | D        | Noticed Menkaure
   333 | D        | Noticed an oklob plant
   334 | D        | Found Nen Jem's Book Shoppe.
   336 | D        | Noticed a manticore
   336 | D        | Noticed a manticore
   337 | D        | Noticed a manticore
   348 | D        | Killed Menkaure
   348 | D        | Reached skill level 10 in Armour
   355 | D        | Noticed a shining eye
   356 | D        | Bought a glowing plate armour for 520 gold pieces
   371 | D        | Bought a runed battleaxe for 209 gold pieces
   404 | D        | Noticed a blink frog
   450 | D        | Killed a blink frog
   450 | D        | Reached skill level 12 in Axes
   475 | D        | Noticed a sun demon
   477 | D        | Noticed an ice devil
   479 | D        | Demolished by an ice devil

Skill      XL: |  1  2  3  4  5  6  7  8 |
---------------+-------------------------+-----
Fighting       | 5 6 7 8 10 | 10.6
Axes           | 6 7 8 9 11 12 | 12.0
Armour         | 5 6 7 8 9 10 | 10.3
Dodging        | |  1.5

Action                   |  1- 3 |  4- 6 |  7- 9 || total
-------------------------+-------+-------+-------++-------
Melee: Hand axe          |     4 |    39 |    29 ||    72
       Battleaxe         |       |       |    23 ||    23
Invok: Berserk           |     1 |     1 |     3 ||     5
  Eat: Ration            |       |       |     1 ||     1
       Chunk             |       |       |     1 ||     1
Armor: Animal skin       |       |     9 |     4 ||    13
       Plate armour      |       |       |    30 ||    30
Dodge: Dodged            |     2 |    14 |    19 ||    35
